 Dungeon Crawl Stone Soup version 0.29-a0-322-g68df515428 (webtiles) character file.

Game seed: 4259582085391652431

70 dreadwin the Skirmisher (level 4, -5/40 HPs)
             Began as a Hill Orc Fighter on Apr 7, 2022.
             Was a Believer of Makhleb.
             Slain by a black bear (7 damage)
             ... on level 3 of the Dungeon.
             The game lasted 00:05:21 (1951 turns).

dreadwin the Skirmisher (Hill Orc Fighter)          Turns: 1951, Time: 00:05:21

Health: -5/40      AC: 11    Str: 20    XL:     4   Next: 21%
Magic:  4/4        EV:  9    Int:  8    God:    Makhleb [**....]
Gold:   161        SH:  4    Dex: 10    Spells: 3/3 levels left

rFire   . . .      SeeInvis .   a - +0 long sword
rCold   . . .      Faith    .   c - +0 buckler
rNeg    . . .      Spirit   .   b - +0 scale mail
rPois   .          Reflect  .   j - +1 helmet
rElec   .          Harm     .   (no cloak)
rCorr   .          Rampage  .   t - +1 pair of gloves
Will    .....                   (no boots)
Stlth   ..........              (no amulet)
HPRegen 0.13/turn               (no ring)
MPRegen 0.09/turn               (no ring)

@: no status effects
A: no striking features
a: Renounce Religion, Minor Destruction


You were on level 3 of the Dungeon.
You worshipped Makhleb.
Makhleb was pleased with you.
You visited 1 branch of the dungeon, and saw 3 of its levels.

You collected 161 gold pieces.

Inventory:

Hand Weapons
 a - a +0 long sword (weapon)
 q - a +0 war axe
Missiles
 g - 68 stones
 i - 6 boomerangs (quivered)
Armour
 b - a +0 scale mail (worn)
 c - a +0 buckler (worn)
 j - a +1 helmet (worn)
 t - a +1 pair of gloves (worn)
Scrolls
 h - a scroll of enchant armour
 n - 3 scrolls of identify {unknown}
 o - a scroll of amnesia {unknown}
 p - a scroll of fog {unknown}
 r - a scroll of magic mapping
 s - a scroll of summoning {unknown}
Potions
 d - 2 potions of might
 e - a potion of mutation {unknown}
 k - 2 potions of resistance {unknown}
 l - 2 potions of attraction {unknown}
 m - a potion of heal wounds {unknown}


   Skills:
 + Level 4.2 Fighting
 + Level 3.1 Long Blades
 + Level 3.8 Armour
 + Level 0.1 Dodging
 + Level 3.8 Shields


You had 3 spell levels left.
You didn't know any spells.
Your spell library contained the following spells:

 Spells                   Type           Power      Damage    Failure   Level
 Magic Dart               Conj           0%         1d3       85%         1
 Call Imp                 Summ           0%         N/A       94%         2
 Mephitic Cloud           Conj/Pois/Air  0%         N/A       99%         3


Dungeon Overview and Level Annotations

Branches:
Dungeon (3/15)

Altars:
Makhleb
Trog


Message History

You slash the black bear!
The black bear is almost dead.
The black bear goes berserk!
You closely miss the black bear.
The black bear is severely wounded.
You block the black bear's attack.
The black bear claws you but does no damage.
The black bear claws you. The black bear bites you.
The black bear completely misses you. The black bear closely misses you.
You hit the black bear.
The black bear is almost dead.
The black bear bites you!
* * * LOW HITPOINT WARNING * * *
The black bear claws you but does no damage. x2
The black bear closely misses you.
The black bear claws you but does no damage.
The black bear completely misses you.
A kobold comes into view. It is wielding a +0 short sword.
You hit the black bear but do no damage.
The black bear is almost dead.
The black bear bites you.
* * * LOW HITPOINT WARNING * * *
The black bear claws you but does no damage.
The black bear claws you.
* * * LOW HITPOINT WARNING * * *
A ball python comes into view.
The black bear bites you.
* * * LOW HITPOINT WARNING * * *
The black bear claws you but does no damage. x2
You feel better.
The ball python hisses angrily.
The black bear bites you.
* * * LOW HITPOINT WARNING * * *
The black bear claws you.
* * * LOW HITPOINT WARNING * * *
The black bear claws you but does no damage.
You barely miss the black bear.
The black bear is almost dead.
The black bear bites you!
You die...

......# .. #.....# ...
#K...S#####.).
#...........$.
............. .w.........
######h........
##......@.......
#..#####.....(.. ##..#
#.....##. ##.####.....#
#.#.......... .#
####...########## .# .
#...#......### .# ..
#...#.####...#######.##...
#..)..# ###...##.....#...


You could see a black bear (berserk), a worm, a ball python and a kobold.

Vanquished Creatures
  2 adders (D:2)
  4 worms (D:2)
  A dart slug (D:1)
  4 ball pythons
  2 endoplasms
  5 goblins
  2 hobgoblins
  3 quokkas (D:2)
  5 bats
  3 frilled lizards
  3 kobolds (D:1)
  5 rats
39 creatures vanquished.

Notes
Turn   | Place    | Note
-------+----------+-------------------------------------------
     0 | D:1      | dreadwin the Hill Orc Fighter began the quest for the Orb.
     0 | D:1      | Reached XP level 1. HP: 19/19 MP: 1/1
    85 | D:1      | Reached XP level 2. HP: 24/27 MP: 2/2
   419 | D:1      | Found a faded altar of an unknown god.
   431 | D:1      | Prayed at the altar of an unknown god.
   431 | D:1      | Became a worshipper of Makhleb the Destroyer
   431 | D:1      | Reached * piety under Makhleb
   838 | D:2      | Found a bloodstained altar of Trog.
   852 | D:2      | Reached XP level 3. HP: 33/33 MP: 3/3
   906 | D:2      | Reached skill level 4 in Fighting
  1371 | D:2      | Reached ** piety under Makhleb
  1618 | D:2      | Reached XP level 4. HP: 40/40 MP: 4/4
  1930 | D:3      | Noticed a black bear
  1950 | D:3      | HP: 2/40 [black bear (6)]
  1951 | D:3      | Slain by a black bear

Illustrated notes

Levels and vault maps discovered:
D:1:      dreamdust_arrival_sigmund_warning, layout_basic,
          shapermc_ecumenical_altar_pompeii
D:2:      layout_basic, basic_altar
D:3:      layout_rooms, serial_shops, nicolae_square_shop

Skill      XL: |  1  2  3 |
---------------+----------+-----
Fighting       | 4 |  4.2
Long Blades    | 3 |  3.1
Armour         | |  3.8
Dodging        | |  0.1
Shields        | |  3.8

Action                   |  1- 3 |  4- 6 || total
-------------------------+-------+-------++-------
Melee: Long sword        |    96 |    34 ||   130
Throw: Boomerang         |     2 |     5 ||     7
  Use: Scroll            |     4 |       ||     4
       Potion            |     1 |     2 ||     3
Armor: Scale mail        |    51 |    41 ||    92
Dodge: Dodged            |    53 |    27 ||    80
Block: Buckler           |    26 |     7 ||    33

Table legend: (Time is in decaauts)
 A = Elapsed time spent in this place.
 B = Non-inter-level travel time spent in this place.
 C = Inter-level travel time spent in this place.
 D = Time resting spent in this place.
 E = Time spent auto-exploring this place.
 F = Levels seen in this place.
 G = Mean time per level.
                   A        B        C        D        E       F      G
               +--------+--------+--------+--------+--------+-----+--------+
         Total |   1992 |   1885 |    107 |      0 |   1149 |   3 |  664.0 |
       Dungeon |   1992 |   1885 |    107 |      0 |   1149 |   3 |  664.0 |
               +--------+--------+--------+--------+--------+-----+--------+

Top non-repeatable levels by time:
     D:2: 1047 daAuts
     D:1: 787 daAuts
     D:3: 158 daAuts
